 Dungeon Crawl Stone Soup version 0.29.1-15-g9cfb28693d (webtiles) character file.

Game seed: 1959422519703761262

3684 TittyCrusher the Impaler (level 10, -5/69 (80) HPs)
             Began as a Merfolk Gladiator on Mar 7, 2023.
             Was an Initiate of Lugonu.
             Slain by a merfolk impaler
             ... wielding a +4 demon trident of venom
             ... created by the fury of Okawaru
              (8 damage)
             ... on level 7 of the Dungeon.
             The game lasted 00:24:55 (8903 turns).

TittyCrusher the Impaler (Merfolk Gladiator)        Turns: 8903, Time: 00:24:55

HP:   -5/69 (80)    AC: 12    Str: 16    XL:     10   Next: 13%
MP:   10/10         EV: 18    Int:  8    God:    Lugonu [......]
Gold: 350           SH:  0    Dex: 18    Spells: 9/9 levels left

rFire   . . .      SeeInvis .   b - +2 halberd
rCold   . . .      Faith    .   (shield currently unavailable)
rNeg    . . .      Spirit   .   u - +0 steam dragon scales
rPois   .          Reflect  .   c - +2 helmet
rElec   .          Harm     .   (no cloak)
rCorr   .          Rampage  .   (no gloves)
Will    .....                   (no boots)
Stlth   ++........              (no amulet)
HPRegen 0.21/turn               t - +4 ring of evasion
MPRegen 0.12/turn               m - +4 ring of protection

@: lethally poisoned (-5 -> -18), heavily drained
A: (nimble swimmer 2), mertail
a: Renounce Religion


You were on level 7 of the Dungeon.
You worshipped Lugonu.
Lugonu was noncommittal.
You visited 2 branches of the dungeon, and saw 10 of its levels.
You visited the Abyss 1 time.

You collected 350 gold pieces.

Inventory:

Hand Weapons
 a - a +0 trident
 b - a +2 halberd (weapon)
 n - a +3 morningstar of distortion
 p - a +0 arbalest
 r - a +0 broad axe of flaming
Missiles
 d - a throwing net
 e - a javelin
 k - 9 curare-tipped darts
 l - 4 boomerangs
 q - 75 stones (quivered)
 z - 3 poisoned darts
Armour
 c - a +2 helmet (worn)
 f - a +2 robe of willpower
 u - +0 steam dragon scales (worn)
Jewellery
 m - a +4 ring of protection (right hand)
 o - a ring of fire
 t - a +4 ring of evasion (left hand)
Wands
 g - a wand of acid (2)
 i - a wand of charming (3)
 s - a wand of polymorph (6)
 y - a wand of iceblast (3)
Scrolls
 h - a scroll of poison
 j - a scroll of identify
 w - a scroll of amnesia
 A - a scroll of immolation


   Skills:
 - Level 8.0 Fighting
 - Level 16.0 Polearms
 - Level 2.0 Throwing
 + Level 4.7 Dodging


You had 9 spell levels left.
You didn't know any spells.
Your spell library contained the following spells:

 Spells                   Type           Power      Damage    Failure   Level
 Apportation              Tloc           0%         N/A       41%         1
 Necrotise                Necr           0%         1d4       41%         1
 Summon Small Mammal      Summ           0%         N/A       41%         1
 Conjure Flame            Conj/Fire      0%         6-21      78%         3
 Dazzling Flash           Conj/Hex       0%         N/A       78%         3
 Ignite Poison            Fire/Tmut/Pois 0%         N/A       78%         3
 Ozocubu's Armour         Ice            0%         N/A       78%         3
 Summon Guardian Golem    Hex/Summ       0%         N/A       78%         3
 Iskenderun's Mystic Bla  Conj/Tloc      0%         2d3       99%         4
 Sticky Flame             Conj/Fire      0%         2d3       99%         4
 Alistair's Intoxication  Tmut/Pois      0%         N/A       100%        5
 Borgnjor's Vile Clutch   Necr/Erth      0%         N/A       100%        5
 Eringya's Noxious Bog    Tmut/Pois      0%         N/A       100%        6
 Starburst                Conj/Fire      0%         6d3       100%        6
 Orb of Destruction       Conj           0%         9d5       100%        7
 Ozocubu's Refrigeration  Ice            0%         4d7       100%        7
 Spellforged Servitor     Conj/Summ      0%         N/A       100%        7


Dungeon Overview and Level Annotations

Branches:
Dungeon (9/15)             Temple (1/1) D:6
   Lair: D:8-11         Orc: D:9-12

Altars:
Cheibriados
Fedhas
Gozag
Hepliaklqana
Kikubaaqudgha
Nemelex Xobeh
Okawaru
Qazlal
Ru
Trog
Uskayaw
Wu Jian
Yredelemnul
The Shining One

Shops:
D:1 :

Annotations:
D:4 exclusion: downstairs
D:6 3 runed translucent doors, Smoke131's ghost, novice OgGl


Innate Abilities, Weirdness & Mutations

((You are very nimble when in or above water. (Stealth+, EV+, Speed+++)))
Your lower body shifts to a powerful aquatic tail in water.


Message History

A large rock appears from out of your range of vision.
The large rock hits the orc warrior!!
The orc warrior dies!
A large rock appears from out of your range of vision.
The large rock hits the orc!!
The orc dies!
There is a stone staircase leading down here.
You climb downwards.
The merfolk impaler hits you from afar with a +4 demon trident of venom.
You are poisoned.
The merfolk impaler hits you but does no damage.
You are more poisoned.
There is a stone staircase leading up, spattered with blood here.
Unknown command.
You feel very sick.
You feel very sick.
You feel very sick.
You feel sick.
You feel sick.
You feel sick.
You feel sick.
The merfolk shouts!
You feel sick.
The merfolk throws a boomerang.
The boomerang hits you!
* * * LOW HITPOINT WARNING * * *
You feel sick.
You feel sick.
You are no longer poisoned.
The merfolk throws a boomerang.
The boomerang misses you.
Unknown command.
The merfolk shouts!
You hear a shout!
There is an open door here.
Found a cloak.
The cyclops throws a large rock.
The large rock misses you.
The cyclops throws a large rock.
The large rock completely misses you.
The merfolk throws a boomerang.
The boomerang closely misses you.
There is a stone staircase leading up, spattered with blood here.
The merfolk impaler hits you from afar with a +4 demon trident of venom!
* * * LOW HITPOINT WARNING * * *
You are lethally poisoned!
The merfolk impaler hits you from afar with a +4 demon trident of venom!
You die...

#............##### #......# #
#....m.......# ######.# #
..............# ##########.# #
.......m.......# #.......##.# #
............######.......##.###
...........#............'.....
.#######.m............##.###
######............##.#
........@.m..########.#
.........?...########.#
.......Cm...........#.#
##########m..##.....[.#.#
#............###.......#.#
#.........m..'.........#.#
#............###.......#
#............# #.......#
#............# #.......#


You could see 2 merfolk impalers, 5 merfolk and a cyclops.

Vanquished Creatures
  An orc knight (D:6)
  Pikel (D:5)
  Maggie (D:7)
  A ynoxinul (Abyss:2)
  3 yaks
  A steam dragon (D:7)
  A warg (D:6)
  Duvessa (D:7)
  A black bear (D:4)
  A sky beast (D:7)
  4 orc warriors (D:7)
  2 ogres (D:5)
  A phantom (D:5)
  A centaur (D:6)
  4 lemures
  A kobold brigand (D:6)
  Blork the orc (D:4)
  2 bullfrogs
  3 scorpions (D:6)
  Dowan (D:7)
  3 wights (D:6)
  5 killer bees (D:9)
  2 howler monkeys
  5 jellies
  5 orc priests
  A hound (D:4)
  An orc wizard (D:6)
  3 gnolls (D:3)
  10 adders
  2 river rats (D:6)
  A shadow imp (D:7)
  2 white imps
  An ufetubus (D:4)
  2 worms
  6 dart slugs
  21 orcs
  8 bats
  15 endoplasms
  3 giant cockroaches
  7 goblins
  11 hobgoblins
  4 jackals (D:2)
  3 quokkas
  9 ball pythons
  4 frilled lizards
  12 kobolds
  7 rats
185 creatures vanquished.

Vanquished Creatures (collateral kills)
  An orc warrior (D:6)
  An orc priest (D:6)
  2 orcs (D:6)
4 creatures vanquished.

Vanquished Creatures (others)
  An adder (D:6)
  7 fungi (D:6)
  4 plants (D:6)
12 creatures vanquished.

Grand Total: 201 creatures vanquished

Notes
Turn   | Place    | Note
-------+----------+-------------------------------------------
     0 | D:1      | TittyCrusher the Merfolk Gladiator began the quest for the
                  | Orb.
     0 | D:1      | Reached XP level 1. HP: 16/16 MP: 1/1
    49 | D:1      | Found a faded altar of an unknown god.
    59 | D:1      | Reached XP level 2. HP: 22/22 MP: 2/2
   201 | D:1      | Reached skill level 5 in Polearms
   480 | D:1      | Reached XP level 3. HP: 27/27 MP: 3/3
   654 | D:1      | Found Gonol's Vocational Training.
   990 | D:2      | Reached skill level 6 in Polearms
  1167 | D:2      | Reached XP level 4. HP: 33/33 MP: 4/4
  1903 | D:3      | Reached skill level 7 in Polearms
  1915 | D:3      | Reached XP level 5. HP: 38/38 MP: 5/5
  2172 | D:3      | Identified the +3 short sword "Woamapt" {vorpal, Dex+4}
  2726 | D:4      | Noticed Blork the orc
  2758 | D:4      | Killed Blork the orc
  2759 | D:4      | Reached skill level 8 in Polearms
  2759 | D:4      | Reached XP level 6. HP: 8/44 MP: 6/6
  3125 | D:4      | Noticed a black bear
  3133 | D:4      | Killed a black bear
  3134 | D:4      | Reached skill level 9 in Polearms
  3440 | D:5      | Entered Level 5 of the Dungeon
  3456 | D:5      | Reached skill level 10 in Polearms
  3464 | D:5      | Noticed a yak
  3506 | D:5      | Reached XP level 7. HP: 46/50 MP: 7/7
  3577 | D:5      | Noticed Pikel
  4043 | D:5      | Noticed a yak
  4050 | D:5      | Noticed a yak
  4054 | D:5      | Killed a yak
  4055 | D:5      | Reached skill level 11 in Polearms
  4430 | D:4      | Killed a yak
  4539 | D:5      | Found a hide-covered altar of Uskayaw.
  4539 | D:5      | Found a basalt altar of Yredelemnul.
  4540 | D:5      | Found a hazy altar of Hepliaklqana.
  4574 | D:5      | Found a snail-covered altar of Cheibriados.
  4593 | D:5      | Reached skill level 12 in Polearms
  4593 | D:5      | Reached XP level 8. HP: 56/56 MP: 8/8
  4837 | D:5      | Killed a yak
  4856 | D:5      | Killed Pikel
  4857 | D:5      | Reached skill level 14 in Polearms
  5207 | D:5      | Reached XP level 9. HP: 49/61 MP: 9/9
  5290 | D:6      | Reached skill level 15 in Polearms
  5371 | D:6      | Found a staircase to the Ecumenical Temple.
  5378 | Temple   | Entered the Ecumenical Temple
  5386 | Temple   | Became a worshipper of Warmaster Okawaru
  5423 | D:6      | You fall into a shaft and drop 3 floors!
  5986 | D:7      | Reached skill level 16 in Polearms
  6507 | D:6      | Noticed Smoke131's ghost (novice OgGl)
  6507 | D:6      | Noticed a boulder beetle
  6508 | D:6      | Noticed a six-headed hydra
  6513 | D:6      | Found a runed translucent gate.
  6513 | D:6      | Found a runed translucent gate.
  6515 | D:6      | Found a runed translucent gate.
  6556 | D:6      | Reached * piety under Okawaru
  6774 | D:6      | Reached skill level 5 in Fighting
  6780 | Abyss:2  | Found a corrupted altar of Lugonu.
  6780 | Abyss:2  | Cast into level 2 of the Abyss (wight)
  6816 | Abyss:2  | Noticed a rust devil
  6849 | Abyss:2  | Noticed a hellwing
  6856 | Abyss:2  | Found a corrupted altar of Lugonu.
  6865 | Abyss:2  | Fell from the grace of Okawaru
  6865 | Abyss:2  | Became a worshipper of Lugonu the Unformed
  6865 | Abyss:2  | Reached * piety under Lugonu
  6962 | D:6      | Escaped the Abyss
  7402 | D:7      | Noticed an orc knight
  7402 | D:7      | Noticed a cyclops
  7466 | D:6      | Killed an orc knight
  7698 | D:7      | Noticed Maggie
  7887 | D:6      | Reached XP level 10. HP: 76/79 MP: 10/10
  7916 | D:7      | Killed Maggie
  8022 | D:7      | Noticed a merfolk impaler
  8022 | D:7      | Noticed a merfolk impaler
  8022 | D:7      | Noticed an orc knight
  8596 | D:7      | Noticed Duvessa
  8597 | D:7      | Noticed Dowan
  8604 | D:7      | Killed Dowan
  8738 | D:7      | Killed Duvessa
  8778 | D:6      | Noticed a minotaur
  8778 | D:6      | Noticed a minotaur
  8822 | D:5      | Noticed a deep elf knight
  8822 | D:5      | Noticed a cyclops
  8822 | D:5      | Noticed an orc knight
  8863 | D:7      | HP: 3/69 [poisoned by a merfolk impaler]
  8903 | D:7      | HP: 3/69 [merfolk impaler/+4 demon trident of venom[the
                  | fury of Okawaru] (8)]
  8903 | D:7      | Slain by a merfolk impaler

Illustrated notes

Levels and vault maps discovered:
D:1:      onia_arrival_pentagram, layout_loops_ring,
          nicolae_ecumenical_lake_church, minivault_23, supply_closet_lemuel,
          minmay_fountain_box, nicolae_shop_vocational
D:2:      layout_basic
D:3:      minmay_chambers_of_twos, layout_loops_cross, wad_floor_pattern_1
D:4:      layout_basic, uniq_blork_the_orc
D:5:      layout_basic, nicolae_overflow_quartered_altars, uniq_pikel
D:6:      old_forge, layout_cave_pools, minmay_temple_entry_arrows,
          gammafunk_ghost_split, gup_sewer_entry_bubbles, corexii_corridor_pit,
          minmay_misc_feat_diagonals
D:7:      layout_basic, uniq_duvessa, uniq_maggie
D:8:      layout_layer_cave, hangedman_abyss_or_decor_clamps, uniq_erica,
          uniq_prince_ribbit1
D:9:      layout_gridville, hiddenorc1_lemuel, chequers_serial_rivers_micro_a,
          the_hattery
Temple:   eino_narrow_crystal_temple

Skill      XL: |  1  2  3  4  5  6  7  8  9 10 |
---------------+-------------------------------+-----
Polearms       | 5 6 7 8 10 12 14 16 | 16.0
Fighting       | 7 8 |  8.0
Throwing       | |  2.0
Dodging        | |  4.7

Action                   |  1- 3 |  4- 6 |  7- 9 | 10-12 || total
-------------------------+-------+-------+-------+-------++-------
Melee: Trident           |    85 |   190 |    84 |       ||   359
       Punch             |       |     1 |       |       ||     1
       Halberd           |       |       |   262 |    63 ||   325
       Unarmed           |       |       |    16 |       ||    16
       Tailslap          |       |       |     2 |       ||     2
Throw: Throwing net      |     1 |     1 |       |       ||     2
Invok: Depart the Abyss  |       |       |     1 |       ||     1
Evoke: Wand              |       |     3 |    24 |     5 ||    32
  Use: Potion            |     1 |     6 |     5 |       ||    12
       Scroll            |       |     4 |    14 |     1 ||    19
 Stab: Sleeping          |     2 |       |     1 |       ||     3
       Distracted        |     1 |       |       |     1 ||     2
       Held in net/web   |       |     1 |       |       ||     1
Armor: Leather armour    |     8 |       |       |       ||     8
       Ring mail         |     8 |    35 |   102 |       ||   145
       Skin              |       |       |     1 |       ||     1
       Steam dragon scal |       |       |       |     5 ||     5
Dodge: Dodged            |    25 |    76 |   165 |    53 ||   319
